 Dungeon Crawl Stone Soup version 0.28.0-45-g0d030f2227 (webtiles) character file.

Game seed: 13513514777173872357

2475 protoss039 the Geomancer (level 9, -16/52 HPs)
             Began as a Gargoyle Earth Elementalist on Apr 29, 2022.
             Was an Initiate of Vehumet.
             Demolished by a boulder beetle (26 damage)
             ... on level 7 of the Dungeon.
             The game lasted 00:11:26 (8129 turns).

protoss039 the Geomancer (GrEE)                     Turns: 8129, Time: 00:11:27

Health: -16/52     AC: 13    Str: 17    XL:     9   Next: 51%
Magic:  18/19      EV: 11    Int: 32    God:    Vehumet [......]
Gold:   197        SH:  0    Dex: 10    Spells: 15/21 levels left

rFire   . . .      SeeInvis .   D - +3 flail "Hoabiz" {spect, Str+5}
rCold   + . .      Faith    .   (no shield)
rNeg    + . .      Spirit   .   F - +1 leather armour {rC+}
rPois   ∞          Reflect  .   s - +0 helmet
rElec   +          Harm     .   t - +0 cloak
rCorr   .          Rampage  .   w - +0 pair of gloves
Will    .....                   (no boots)
Stlth   ++........              o - amulet of magic regeneration
HPRegen 0.17/turn               l - +6 ring of intelligence
MPRegen 0.56/turn               z - +6 ring of intelligence

@: about to teleport
A: sickness immunity, AC +6, negative energy resistance 1, electricity
resistance, torment resistance 1, petrification resistance
a: Renounce Religion


You were on level 7 of the Dungeon.
You worshipped Vehumet.
Vehumet was noncommittal.
You visited 2 branches of the dungeon, and saw 8 of its levels.

You collected 197 gold pieces.

Inventory:

Hand Weapons
 y - a +2 spear of freezing
 C - a +0 dagger of venom
 D - the +3 flail "Hoabiz" (weapon) {spect, Str+5}
   (You found it on level 6 of the Dungeon)

   When its wielder attacks, the weapon's spirit leaps out and strikes again.
   The spirit shares a part of any damage it takes with its wielder.
   Str:       It affects your strength (+5).
Missiles
 c - 171 stones
Armour
 s - a +0 helmet (worn)
 t - a +0 cloak (worn)
 w - a +0 pair of gloves (worn)
 F - a +1 leather armour of cold resistance (worn)
Jewellery
 l - a +6 ring of intelligence (left hand)
 n - a ring of protection from fire
 o - an amulet of magic regeneration (around neck)
 z - a +6 ring of intelligence (right hand)
Wands
 E - a wand of acid (8)
Scrolls
 b - a scroll of enchant weapon {unknown}
 d - 2 scrolls of immolation
 h - 2 scrolls of teleportation
 i - a scroll of amnesia {unknown}
 m - 2 scrolls of noise {unknown}
 p - a scroll of blinking {unknown}
 r - a scroll of fog {unknown}
 A - a scroll of identify {unknown}
Potions
 a - 2 potions of might {unknown}
 e - a potion of brilliance {unknown}
 f - 2 potions of degeneration {unknown}
 g - 5 potions of curing
 k - 3 potions of lignification {unknown}
 q - a potion of magic {unknown}
 u - a potion of attraction {unknown}
 v - a potion of cancellation {unknown}
 x - 2 potions of invisibility {unknown}
 B - a potion of resistance {unknown}


   Skills:
 + Level 3.7 Fighting
 + Level 1.7 Armour
 - Level 1.5 Dodging
 - Level 2.1 Stealth
 * Level 6.7 Spellcasting
 + Level 5.7 Conjurations
 - Level 3.3 Transmutations
 + Level 8.8 Earth Magic


You had 15 spell levels left.
You knew the following spells:

 Your Spells              Type           Power      Damage    Failure   Level
a - Sandblast             Erth           100%       2d20      1%          1
b - Passwall              Tmut/Erth      40%        N/A       1%          2
c - Stone Arrow           Conj/Erth      100%       3d13      1%          3

Your spell library contained the following spells:

 Spells                   Type           Power      Damage    Failure   Level
 Foxfire                  Conj/Fire      100%       2x1d9     1%          1
 Conjure Flame            Conj/Fire      29%        6-21      4%          3
 Petrify                  Tmut/Erth      49%        N/A       4%          4
 Inner Flame              Hex/Fire       10%        N/A       16%         3
 Flame Wave               Conj/Fire      29%        2d8       16%         4
 Animate Dead             Necr           5%         N/A       45%         4
 Haunt                    Necr/Summ      5%         N/A       100%        7
 Infestation              Necr           5%         N/A       100%        8


Dungeon Overview and Level Annotations

Branches:
Dungeon (7/15)             Temple (1/1) D:6

Altars:
Ashenzari
Cheibriados
Dithmenos
Fedhas
Gozag
Hepliaklqana
Kikubaaqudgha
Makhleb
Nemelex Xobeh
Okawaru
Qazlal
Ru
Sif Muna
Trog
Uskayaw
Vehumet
Wu Jian
Xom
Yredelemnul
Zin
The Shining One

Annotations:
D:7 exclusion: cyclops


Innate Abilities, Weirdness & Mutations

You are immune to sickness and miasma.
Your stone body is resilient. (AC +6)
You are immune to poison.
You resist negative energy. (rN+)
You are resistant to electric shocks. (rElec)
You are resistant to unholy torment.
You are immune to petrification.


Message History

You kill the orc!
Vehumet accepts your kill.
Casting: Stone Arrow (safe; 1% risk of failure)
Confirm with . or Enter, or press ? or * to list all spells.
Aiming: Stone Arrow (safe; 1% risk of failure)
Press: ? - help, Shift-Dir - straight line, f - scorpion
Aim: a scorpion (78% to hit)
The stone arrow hits the scorpion!!
You kill the scorpion!
Vehumet accepts your kill.
Unknown command.
Casting: Stone Arrow (safe; 1% risk of failure)
Confirm with . or Enter, or press ? or * to list all spells.
Aiming: Stone Arrow (safe; 1% risk of failure)
Press: ? - help, Shift-Dir - straight line, f - you That beam is likely to hit you.
Continue anyway?
Okay, then.
A boulder beetle comes into view.
A boulder beetle is nearby!
Okay, then.
Okay, then.
Aiming: Corrosive Bolt
Press: ? - help, Shift-Dir - straight line, f - boulder beetle
Aim: a boulder beetle (wandering, hasn't noticed you, 100% to hit)
Okay, then.
The boulder beetle curls into a ball and begins rolling!
A wraith comes into view.
A vampire mosquito comes into view.
As you read the scroll of teleportation, it crumbles to dust.
You feel strangely unstable. The boulder beetle hits you!!!
Ouch! That really hurt!
* * * LOW HITPOINT WARNING * * *
The boulder beetle stops rolling and uncurls.
Unknown command.
Unknown command.
Unknown command.
Unknown command.
It was a potion of curing.
You feel better. The boulder beetle bites you!!
Ouch! That really hurt!
You die...

: ).. #........#. : #.#
#....##..#. ###. #.# ##..........
##.#.# #.# ##.....###.#. ##.#.#.#
## #.# ##............
##.#.#.#.#.####.###...^#.#.##.#.
#.#.#.#.#.#.#..°..#....#.#.##.#.
.##.#.#.#.#.##.#B###........##.##
..#.#.#.#.#...#@#.#....#.#.##.#
#.#.#.#.#y####.#.#....#.#+##.##
#.#.#.#.#.#.....#.........#..†
#.#.#.#.########.........####
#.#.#.#.##................#### .
##.#.#.##...)......###'#......
....###.###....###........#######
#...........).## #.###....##
##...........#####.#.......#


You could see a boulder beetle.

Vanquished Creatures
  A two-headed ogre (D:6)
  Prince Ribbit (D:5)
  Edmund (D:6)
  2 orc warriors
  2 black bears
  2 ogres
  A centaur (D:5)
  A phantom (D:5)
  Blork the orc (D:6)
  A scorpion (D:7)
  3 wights (D:7)
  A bullfrog zombie (D:6)
  An orc priest (D:4)
  3 jellies
  Crazy Yiuf (D:3)
  2 hounds
  Terence (D:3)
  2 orc wizards (D:5)
  3 iguanas
  A scorpion zombie (D:5)
  2 hound skeletons (D:4)
  A howler monkey skeleton (D:7)
  Robin (D:3)
  3 adders
  An ufetubus (D:4)
  4 worms (D:2)
  8 dart slugs
  14 orcs
  3 ball pythons
  6 bats
  8 endoplasms
  16 goblins
  8 hobgoblins
  9 jackals
  15 kobolds
  4 quokkas (D:2)
  2 frilled lizards
  11 rats
147 creatures vanquished.

Vanquished Creatures (others)
  8 plants (D:3)
8 creatures vanquished.

Grand Total: 155 creatures vanquished

Notes
Turn   | Place    | Note
-------+----------+-------------------------------------------
     0 | D:1      | protoss039 the Gargoyle Earth Elementalist began the quest
                  | for the Orb.
     0 | D:1      | Reached XP level 1. HP: 10/10 MP: 3/3
   168 | D:1      | Reached skill level 1 in Transmutations
   174 | D:1      | Reached XP level 2. HP: 6/15 MP: 1/5
   495 | D:1      | Reached skill level 4 in Earth Magic
  1119 | D:2      | Reached XP level 3. HP: 19/19 MP: 2/6
  1896 | D:2      | Reached XP level 4. HP: 11/24 MP: 5/8
  2611 | D:2      | Learned a level 2 spell: Passwall
  2615 | D:2      | Learned a level 3 spell: Stone Arrow
  2824 | D:3      | Noticed Terence
  2830 | D:3      | Killed Terence
  2831 | D:3      | Reached XP level 5. HP: 16/28 MP: 4/9
  3192 | D:3      | Found a faded altar of an unknown god.
  3356 | D:3      | Reached skill level 5 in Earth Magic
  3421 | D:3      | Noticed Robin
  3441 | D:3      | Killed Robin
  3874 | D:3      | Found a runed translucent door.
  3875 | D:3      | Noticed Crazy Yiuf
  3928 | D:3      | Killed Crazy Yiuf
  4075 | D:4      | Reached XP level 6. HP: 32/32 MP: 9/11
  5409 | D:5      | Entered Level 5 of the Dungeon
  5614 | D:5      | Reached skill level 6 in Earth Magic
  5614 | D:5      | Reached XP level 7. HP: 30/36 MP: 9/13
  5669 | D:5      | Noticed Prince Ribbit
  5675 | D:5      | Killed Prince Ribbit
  5779 | D:5      | Reached skill level 1 in Fighting
  5934 | D:5      | Reached skill level 7 in Earth Magic
  5934 | D:5      | Reached XP level 8. HP: 45/45 MP: 9/15
  6179 | D:5      | Reached skill level 5 in Spellcasting
  6776 | D:6      | Identified the +3 flail "Hoabiz" {spect, Str+5}
  6832 | D:6      | Noticed a two-headed ogre
  6837 | D:6      | Killed a two-headed ogre
  6838 | D:6      | Reached skill level 5 in Conjurations
  6838 | D:6      | Reached skill level 8 in Earth Magic
  6838 | D:6      | Reached XP level 9. HP: 50/50 MP: 7/18
  6993 | D:6      | Found a staircase to the Ecumenical Temple.
  7002 | D:6      | Noticed Blork the orc
  7009 | D:6      | Killed Blork the orc
  7014 | Temple   | Entered the Ecumenical Temple
  7246 | Temple   | Became a worshipper of Vehumet
  7300 | D:6      | Noticed Edmund
  7309 | D:6      | Killed Edmund
  7682 | D:6      | Reached skill level 1 in Armour
  8084 | D:7      | Noticed a cyclops
  8121 | D:7      | Noticed a boulder beetle
  8129 | D:7      | Demolished by a boulder beetle

Illustrated notes

Levels and vault maps discovered:
D:1:      elethiomel_arrival_diamonds, layout_basic
D:2:      wad_river_or_something, layout_basic, kennysheep_generic_room_3
D:3:      layout_basic, basic_ecumenical_altar, lexackson_kobold_supper,
          uniq_crazy_yiuf_cottage, uniq_robin, uniq_terence
D:4:      layout_layer_cave
D:5:      layout_layer_cave, uniq_prince_ribbit1
D:6:      layout_loops_corners, minmay_temple_entry_large_hall,
          uniq_blork_the_orc, uniq_edmund
D:7:      minmay_the_grid_octo_tiled_squarecenter
          [minmay_the_grid_octo_checkered, minmay_the_grid_octo_tetromino_candy,
          minmay_the_grid_octo_fan_narrow, minmay_the_grid_octo_clover,
          minmay_the_grid_square_5x5_megaprize_diamond,
          minmay_the_grid_square_5x5_seven, minmay_the_grid_square_5x5_z,
          minmay_the_grid_square_5x5_forky, minmay_the_grid_square_5x5_n],
          layout_basic, hangedman_misty_isle
Temple:   mainiacjoe_temple_archimedes_tessellation

Skill      XL: |  1  2  3  4  5  6  7  8  9 |
---------------+----------------------------+-----
Transmutations | 1 2 3 |  3.3
Earth Magic    | 4 5 6 7 8 |  8.8
Spellcasting   | 3 4 6 |  6.7
Conjurations   | 2 5 |  5.7
Fighting       | 2 3 |  3.7
Armour         | 1 |  1.7
Dodging        | |  1.5
Stealth        | |  2.1

Action                   |  1- 3 |  4- 6 |  7- 9 || total
-------------------------+-------+-------+-------++-------
Melee: Unarmed           |    46 |       |       ||    46
       Dagger            |    98 |   205 |     7 ||   310
       Punch             |     2 |     1 |     1 ||     4
       Flail             |       |       |     1 ||     1
 Cast: Sandblast         |    13 |    20 |    17 ||    50
       Stone Arrow       |       |     2 |    49 ||    51
  Use: Scroll            |       |     1 |     3 ||     4
       Potion            |       |       |     1 ||     1
 Stab: Sleeping          |     1 |     4 |       ||     5
Armor: Robe              |    32 |       |       ||    32
       Leather armour    |    27 |    78 |     9 ||   114
Dodge: Dodged            |   102 |   107 |    13 ||   222
